 Dungeon Crawl Stone Soup version 0.25-a0-661-g55ea3d2 (webtiles) character file.

Game seed: 15627617968092268051, levelgen mode: deterministic

2040 MrTaco21 the Basher (level 9, -3/51 HPs)
             Began as a Gargoyle Fighter on Mar 23, 2020.
             Killed from afar by Maggie (13 damage)
             ... with a bolt of fire
             ... on level 6 of the Dungeon.
             The game lasted 00:12:43 (7847 turns).

MrTaco21 the Basher (Gargoyle Fighter)              Turns: 7847, Time: 00:12:44

Health: -3/51      AC: 15    Str: 23    XL:     9   Next: 24%
Magic:  9/9        EV:  8    Int:  9    God:
Gold:   228        SH:  9    Dex:  9    Spells: 8/8 levels left

rFire    . . .     SeeInvis .   A - +2 flail (protect)
rCold    + . .     Gourm    +   C - +0 kite shield
rNeg     + . .     Faith    .   y - +0 chain mail
rPois    ∞         Spirit   .   (no helmet)
rElec    +         Reflect  .   z - scarf {cloud immunity}
rCorr    .         Harm     .   (no gloves)
MR       .....                  (no boots)
Stlth    ..........             j - amulet of the gourmand
HPRegen  0.17/turn              v - +3 ring of evasion
MPRegen  0.11/turn              o - ring of protection from cold

@: no status effects
A: negative energy resistance 1, electricity resistance, unbreathing,
petrification resistance, rot immunity, AC +6
a: no special abilities


You were on level 6 of the Dungeon.
You were completely stuffed.

You visited 1 branch of the dungeon, and saw 8 of its levels.

You collected 358 gold pieces.
You spent 130 gold pieces at shops.

Inventory:

Hand Weapons
 A - a +2 flail of protection (weapon)
   (You took it off an orc on level 5 of the Dungeon)
Missiles
 i - 54 poisoned darts (quivered)
Armour
 y - a +0 chain mail (worn)
   (You took it off an orc on level 4 of the Dungeon)
 z - a scarf of cloud immunity (worn)
   (You found it on level 5 of the Dungeon)
 C - a +0 kite shield (worn)
Jewellery
 a - an uncursed amulet of magic regeneration
   (You bought it in a shop on level 5 of the Dungeon)
 j - an amulet of the gourmand (around neck)
   (You found it on level 1 of the Dungeon)
 o - a ring of protection from cold (right hand)
   (You found it on level 5 of the Dungeon)
 v - a +3 ring of evasion (left hand)
   (You took it off a goblin on level 3 of the Dungeon)
Wands
 c - a wand of disintegration (24)
   (You found it on level 3 of the Dungeon)
 d - a wand of iceblast (3)
   (You found it on level 7 of the Dungeon)
 u - a wand of paralysis (17)
   (You found it on level 6 of the Dungeon)
 x - a wand of acid (5)
   (You found it on level 3 of the Dungeon)
 G - a wand of enslavement (12)
   (You took it off an orc on level 6 of the Dungeon)
Scrolls
 h - 2 scrolls of random uselessness {unknown}
 k - a scroll of identify {@r1}
 l - 4 scrolls of magic mapping
 n - a scroll of fog {unknown}
 q - 2 scrolls of enchant weapon {unknown}
 r - 2 scrolls of blinking {unknown}
 w - a scroll of amnesia {unknown}
 H - a scroll of teleportation {unknown}
Potions
 b - a potion of degeneration {unknown}
 f - 9 potions of curing {@q1}
 g - 3 potions of heal wounds {unknown}
 m - a potion of stabbing {unknown}
 p - a potion of invisibility {unknown}
 s - 2 potions of haste {@q3}
 t - a potion of cancellation {unknown}
 B - a potion of lignification {unknown}
 D - a potion of berserk rage {unknown}
 E - 3 potions of mutation {unknown}
 F - a potion of might
Comestibles
 e - 14 rations {!d}
 I - 4 chunks of flesh


   Skills:
 - Level 3.2 Fighting
 + Level 11.8 Maces & Flails
 - Level 3.2 Armour
 - Level 3.2 Shields


You had 8 spell levels left.
You didn't know any spells.
Your spell library was empty.

Dungeon Overview and Level Annotations

Branches:
Dungeon (8/15)
 Temple: D:4-7         Lair: D:8-11

Altars:
Ashenzari
Nemelex Xobeh
Uskayaw
Wu Jian
Yredelemnul

Shops:
D:5 *

Annotations:
D:6 Maggie
D:8 Erica, Joseph


Innate Abilities, Weirdness & Mutations

You are resistant to torment.
Your stone body is resilient. (AC +6)
You are immune to poison.
You resist negative energy. (rN+)
You are resistant to electric shocks. (rElec)
You can survive without breathing.
You are immune to petrification.
You are immune to rotting.


Message History

No target in view!
No target in view!
No target in view!
Some of the chunks of flesh in your inventory have rotted away.
Maggie the Vainglorious comes into view.
She is wielding a +1 broad axe of flaming.
Maggie shouts!
Maggie is nearby!
Maggie is nearby!
Throwing (i - inventory)
i - 58 poisoned darts (quivered)
Aim: Maggie, wielding a +1 broad axe of flaming and wearing +0 acid dragon scales You throw a poisoned dart.
The poisoned dart hits Maggie.
Throwing (i - inventory)
i - 57 poisoned darts (quivered)
Aim: Maggie, wielding a +1 broad axe of flaming and wearing +0 acid dragon scales You throw a poisoned dart.
The poisoned dart closely misses Maggie.
Throwing (i - inventory)
i - 56 poisoned darts (quivered)
Aim: Maggie, wielding a +1 broad axe of flaming and wearing +0 acid dragon scales You throw a poisoned dart.
The poisoned dart barely misses Maggie.
Throwing (i - inventory)
i - 55 poisoned darts (quivered)
Aim: Maggie, wielding a +1 broad axe of flaming and wearing +0 acid dragon scales You throw a poisoned dart.
The poisoned dart hits Maggie.
You block Maggie's attack.
You barely miss Maggie. Maggie casts a spell at you. The bolt of fire hits you!
You closely miss Maggie. You block Maggie's attack.
You closely miss Maggie. You hit Maggie but do no damage.
Your weapon exudes an aura of protection.
Maggie gestures wildly while chanting.
Maggie attempts to bespell you! You resist with almost no effort.
Unknown command.
You sock Maggie!
Maggie points at you and mumbles some strange words.
The bolt of fire hits you!
* * * LOW HITPOINT WARNING * * *
Unknown command.
You hit Maggie.
Maggie hits you with a +1 broad axe of flaming.
* * * LOW HITPOINT WARNING * * *
Maggie burns you.
* * * LOW HITPOINT WARNING * * *
Unknown command.
Maggie points at you and mumbles some strange words.
The bolt of fire hits you!
* * * LOW HITPOINT WARNING * * *
Maggie smiles, but it's obviously fake.
Maggie casts a spell at you. The bolt of fire hits you!
You die...

############...............##....
# #..................##.... #
#..................##.... #
#..................##.... #
####.....@............##....
.........#.####.......##....
.........#.## #.......##....
.....(...#..# #.......##....
.........##@# #....#.####...
......#####.########.# #...
.((... #..# #.# #... ...... ##.##
#.# #... ########## #..# #.# #...
#......# ##.# #.# #... #......#
#.## #.####... #......# #..#
#........ #......# ##.##
#........


You could see Maggie.

Vanquished Creatures
  Duvessa (D:5)
  A black bear (D:7)
  A phantom (D:6)
  3 centaurs
  3 ogres (D:5)
  A bullfrog (D:7)
  A big kobold (D:7)
  Dowan (D:4)
  A jelly (D:5)
  A bullfrog zombie (D:5)
  3 hounds (D:6)
  A bullfrog skeleton (D:5)
  A centaur skeleton (D:5)
  An orc priest (D:4)
  3 iguanas
  Ijyb (D:5)
  5 orc wizards
  7 worker ants
  A killer bee zombie (D:7)
  A hound zombie (D:5)
  A hound skeleton (D:6)
  A howler monkey zombie (D:5)
  2 worker ant zombies (D:5)
  3 gnolls (D:5)
  11 adders
  An ooze (D:2)
  3 adder zombies (D:5)
  2 adder skeletons
  3 worms
  5 leopard geckos
  21 orcs
  3 ball pythons
  5 giant cockroaches
  9 goblins
  11 hobgoblins
  28 jackals
  7 kobolds
  3 quokkas (D:2)
  6 bats
  2 frilled lizards
  2 leopard gecko skeletons
  A leopard gecko zombie (D:5)
  A quokka skeleton (D:5)
  8 rats
  A plant (D:2)
178 creatures vanquished.

Vanquished Creatures (others)
  An orc wizard (D:7)
  A plant (D:2)
2 creatures vanquished.

Grand Total: 180 creatures vanquished

Notes
Turn   | Place    | Note
-------+----------+-------------------------------------------
     0 | D:1      | MrTaco21 the Gargoyle Fighter began the quest for the Orb.
     0 | D:1      | Reached XP level 1. HP: 14/14 MP: 1/1
   159 | D:1      | Reached XP level 2. HP: 18/19 MP: 2/2
   234 | D:1      | Reached skill level 3 in Maces & Flails
   489 | D:1      | Reached XP level 3. HP: 23/23 MP: 3/3
  1006 | D:2      | Reached skill level 4 in Maces & Flails
  1073 | D:2      | Reached XP level 4. HP: 17/28 MP: 4/4
  1265 | D:2      | Found a hide-covered altar of Uskayaw.
  2128 | D:3      | Reached skill level 5 in Maces & Flails
  2128 | D:3      | Reached XP level 5. HP: 20/32 MP: 5/5
  3041 | D:4      | Reached skill level 6 in Maces & Flails
  3232 | D:4      | Reached XP level 6. HP: 26/37 MP: 6/6
  4215 | D:5      | Entered Level 5 of the Dungeon
  4250 | D:5      | Noticed Duvessa
  4268 | D:5      | Noticed Dowan
  4423 | D:5      | Reached skill level 7 in Maces & Flails
  4437 | D:5      | Reached XP level 7. HP: 21/41 MP: 7/7
  4654 | D:5      | Found a shattered altar of Ashenzari.
  4805 | D:5      | Reached skill level 8 in Maces & Flails
  4904 | D:5      | Found Atoled's Assorted Antiques.
  4915 | D:5      | Bought a square garnet amulet for 130 gold pieces
  5153 | D:5      | Reached skill level 9 in Maces & Flails
  5275 | D:5      | Reached XP level 8. HP: 46/46 MP: 8/8
  5310 | D:5      | Killed Duvessa
  5404 | D:5      | Reached skill level 10 in Maces & Flails
  5803 | D:5      | Noticed Ijyb
  5984 | D:5      | Killed Ijyb
  6191 | D:4      | Killed Dowan
  6553 | D:6      | You fall into a shaft and drop 2 floors!
  6553 | D:8      | Found a basalt altar of Yredelemnul.
  6553 | D:8      | Noticed Joseph
  6556 | D:8      | Noticed Erica
  6557 | D:8      | Found a sparkling altar of Nemelex Xobeh.
  6681 | D:7      | Reached skill level 11 in Maces & Flails
  6713 | D:7      | Found an ornate altar of the Wu Jian Council.
  6743 | D:7      | Reached XP level 9. HP: 42/51 MP: 9/9
  7830 | D:6      | Noticed Maggie
  7847 | D:6      | Killed from afar by Maggie

Levels and vault maps discovered:
D:1:      onia_arrival_pentagram, layout_basic, minmay_cut_off
D:2:      wad_woods_stonehenge, layout_basic, minmay_tall_x
D:3:      layout_basic, first_ration
D:4:      minmay_inner_zag, layout_rooms
D:5:      layout_basic, kennysheep_little_box, serial_undead, serial_undead_b,
          serial_undead_a, serial_undead_d, serial_undead_f, serial_undead_e,
          serial_undead_d, serial_shops, nicolae_shop_overgrown_old_shop,
          uniq_ijyb, uniq_duvessa
D:6:      layout_basic, uniq_maggie
D:7:      layout_loops_corners, makhleb_heckhound_becter,
          nicolae_overflow_crystal_walls, minmay_temple_entry_grid,
          uniq_menkaure
D:8:      layout_basic, lemuel_doored_altar, yredelemnul_altar_generic,
          kennysheep_mini, serial_shops, nicolae_shop_stone,
          corexii_checkpoint_a, uniq_joseph, uniq_erica

Skill      XL: |  1  2  3  4  5  6  7  8 |
---------------+-------------------------+-----
Maces & Flails | 3 4 5 6 7 9 11 | 11.8
Fighting       | |  3.2
Armour         | |  3.2
Shields        | |  3.2

Action                   |  1- 3 |  4- 6 |  7- 9 || total
-------------------------+-------+-------+-------++-------
Melee: Flail             |   137 |   371 |   391 ||   899
Throw: Dart              |       |       |    15 ||    15
  Use: Scroll            |       |     3 |     2 ||     5
  Eat: Chunk             |     2 |    20 |    12 ||    34
Armor: Scale mail        |    84 |    62 |       ||   146
       Leather armour    |     8 |    40 |       ||    48
       Chain mail        |       |    31 |   203 ||   234
Dodge: Dodged            |    43 |   145 |   133 ||   321
Block: Kite shield       |    99 |   166 |   164 ||   429

Table legend:
 A = Non-vault XP
 B = Vault XP
 C = Vault XP percentage of total XP
 D = Non-vault monster count
 E = Vault monster count
 F = Vault count percentage of total count
                 A         B        C        D         E       F
            +---------+---------+-------+---------+---------+-------
      Total |    2418 |     497 |  17.0 |     150 |      28 |  15.7
            +---------+---------+-------+---------+---------+-------
        D:1 |      52 |       5 |   8.8 |      29 |       2 |   6.5
        D:2 |      53 |      15 |  22.1 |      10 |       9 |  47.4
        D:3 |      56 |       0 |   0.0 |      19 |       0 |   0.0
        D:4 |     264 |      83 |  23.9 |      25 |       4 |  13.8
        D:5 |     969 |     394 |  28.9 |      34 |      13 |  27.7
        D:6 |     490 |       0 |   0.0 |      18 |       0 |   0.0
        D:7 |     534 |       0 |   0.0 |      15 |       0 |   0.0
            +---------+---------+-------+---------+---------+-------
